 Dungeon Crawl Stone Soup version 0.18.1-50-g88ac8fd (webtiles) character file.

653 lorenzova the Covered (level 7, -2/67 HPs)
             Began as a Deep Dwarf Fighter on Oct 11, 2016.
             Was an Initiate of Qazlal.
             Slain by an iguana (7 damage)
             ... on level 5 of the Dungeon.
             The game lasted 00:07:34 (3567 turns).

lorenzova the Covered (Deep Dwarf Fighter)          Turns: 3567, Time: 00:07:35

Health: -2/67      AC:  9    Str: 21    XL:     7   Next: 29%
Magic:  7/7        EV:  7    Int:  8    God:    Qazlal [......]
Gold:   278        SH: 12    Dex: 13    Spells: 0 memorised, 6 levels left

rFire  + . .     SeeInvis .     a - +0 war axe
rCold  . . .     Gourm    .     b - +0 scale mail
rNeg   . . .     Faith    .     B - +2 shield
rPois  .         Spirit   .     (no helmet)
rElec  .         Dismiss  .     F - +1 cloak
rCorr  .         Reflect  .     (no gloves)
SustAt .         Harm     .     (no boots)
MR     +....                    (no amulet)
Stlth  ..........               w - ring of protection from fire
                                g - ring of wizardry

@: non-regenerating, drained, somewhat resistant to hostile enchantments,
extremely unstealthy
A: damage resistance, recharge devices, sense surroundings 1, slow regeneration
3
a: Device Recharging, Renounce Religion


You were on level 5 of the Dungeon.
You worshipped Qazlal.
Qazlal was noncommittal.
You were not hungry.

You visited 2 branches of the dungeon, and saw 6 of its levels.

You collected 278 gold pieces.

Inventory:

Hand Weapons
 a - a +0 war axe (weapon)
Armour
 b - a +0 scale mail (worn)
 B - a +2 shield (worn)
 F - a +1 cloak (worn)
Jewellery
 g - a ring of wizardry (left hand)
 j - an uncursed ring of magical power
 l - an uncursed ring of wizardry
 w - a ring of protection from fire (right hand)
Wands
 e - a wand of heal wounds (1/9)
 A - a wand of lightning (6/15)
 E - a wand of paralysis (14/24)
Scrolls
 h - 2 scrolls of fear {unknown}
 k - a scroll of recharging {unknown}
 p - 3 scrolls of remove curse
 q - a scroll of identify {unknown}
 r - 2 scrolls of teleportation {unknown}
 s - 2 scrolls of amnesia {unknown}
 t - a scroll of enchant armour {unknown}
 x - a scroll of blinking {unknown}
 y - 2 scrolls of immolation {unknown}
Potions
 c - 2 potions of cancellation {unknown}
 d - a potion of might
 i - a potion of heal wounds {unknown}
 n - a potion of curing {unknown}
 o - a potion of invisibility {unknown}
 u - a potion of flight {unknown}
 v - a potion of beneficial mutation {unknown}
 z - 3 potions of mutation {unknown}
 C - a potion of berserk rage {unknown}
 D - a potion of brilliance {unknown}
Comestibles
 f - 7 bread rations
 m - 2 meat rations
 G - a chunk of flesh


   Skills:
 + Level 5.1 Fighting
 - Level 2.1 Axes
 + Level 6.1 Armour
 + Level 5.6 Shields


You had 6 spell levels left.
You didn't know any spells.

Dungeon Overview and Level Annotations

Branches:
Dungeon (5/15)             Temple (1/1) D:4

Altars:
Cheibriados
Elyvilon
Fedhas
Gozag
Kikubaaqudgha
Makhleb
Nemelex Xobeh
Okawaru
Pakellas
Qazlal
Sif Muna
Trog
Vehumet
Yredelemnul
Zin

Annotations:
D:5 Prince Ribbit


Innate Abilities, Weirdness & Mutations

You are resistant to damage.
You can recharge devices by infusing magical energy.
You passively map a small area around you.
You do not regenerate naturally.


Message History

You slash the iguana!
The iguana is severely wounded.
You block the iguana's attack. The iguana bites you.
* * * LOW HITPOINT WARNING * * *
You completely miss the iguana.
The iguana is severely wounded.
The iguana bites you.
* * * LOW HITPOINT WARNING * * *
Your shield and scale mail prevent you from hitting the iguana.
The iguana is severely wounded.
The iguana bites you!
* * * LOW HITPOINT WARNING * * *
Your shield and scale mail prevent you from hitting the iguana.
The iguana is severely wounded.
You block the iguana's attack.
The iguana bites you but does no damage.
You closely miss the iguana.
The iguana is severely wounded.
The iguana bites you!
You die...

* * * * #...# #.. ,
...#########...###.)
###........##....'.... ,,
..........##....###..
#.........##....# #.. * * ,
#.........##....# #.. * *
#.........##....# #.. ,
,#.........##.#### #.. ,*
,#...@l....##.# #.. ,
,,#...#.########.# ###
.########..........########
............>..............
.............##############
**########......# * ##
#......###*** ..
#........., ,..
#......###** ,,..


You could see an iguana.

Vanquished Creatures
  An ogre (D:4)
  A scorpion (D:5)
  A howler monkey (D:5)
  A hound (D:4)
  A giant frog skeleton (D:4)
  3 orc priests
  Crazy Yiuf (D:5)
  A centaur skeleton (D:5)
  Jessica (D:3)
  An iguana (D:5)
  A worker ant (D:5)
  A worker ant zombie (D:5)
  A howler monkey skeleton (D:4)
  4 gnolls (D:3)
  2 adders
  A shadow imp (D:5)
  3 oozes
  2 worms
  A dart slug (D:1)
  4 giant geckos
  12 orcs
  3 bats
  7 giant cockroaches
  8 hobgoblins
  4 jackals (D:1)
  9 kobolds
  2 quokkas (D:2)
  A giant cockroach zombie (D:3)
  A giant gecko skeleton (D:4)
  3 giant newts (D:2)
  8 goblins
  15 rats
105 creatures vanquished.

Notes
Turn   | Place    | Note
--------------------------------------------------------------
     0 | D:1      | lorenzova the Deep Dwarf Fighter began the quest for the Orb.
     0 | D:1      | Reached XP level 1. HP: 20/20 MP: 1/1
    85 | D:1      | Reached XP level 2. HP: 23/28 MP: 2/2
   277 | D:1      | Reached XP level 3. HP: 26/34 MP: 3/3
  1062 | D:2      | Reached XP level 4. HP: 27/43 MP: 4/4
  1498 | D:2      | Reached skill level 4 in Armour
  1779 | D:3      | Reached XP level 5. HP: 17/50 MP: 5/5
  1808 | D:3      | Noticed Jessica
  1816 | D:3      | Killed Jessica
  2247 | D:4      | Reached XP level 6. HP: 41/58 MP: 6/6
  2261 | D:4      | Reached skill level 5 in Armour
  2261 | D:4      | Reached skill level 5 in Shields
  2340 | D:4      | Found a staircase to the Ecumenical Temple.
  2363 | D:4      | Found an oddly glowing altar of Pakellas.
  2392 | Temple   | Entered the Ecumenical Temple
  2437 | Temple   | Became a worshipper of Qazlal Stormbringer
  2700 | D:4      | Found an opulent altar of Gozag.
  3121 | D:5      | Entered Level 5 of the Dungeon
  3220 | D:5      | Found a sparkling altar of Nemelex Xobeh.
  3225 | D:5      | Reached XP level 7. HP: 34/66 MP: 7/7
  3257 | D:5      | Reached skill level 5 in Fighting
  3378 | D:5      | Noticed Crazy Yiuf
  3384 | D:5      | Killed Crazy Yiuf
  3384 | D:5      | Reached skill level 6 in Armour
  3472 | D:5      | Noticed Prince Ribbit
  3567 | D:5      | Slain by an iguana

Skill      XL: |  1  2  3  4  5  6  7 |
---------------+----------------------+-----
Fighting       | 3 4 5 |  5.1
Shields        | 4 5 |  5.6
Armour         | 4 5 6 |  6.1
Axes           | |  2.1

Action                   |  1- 3 |  4- 6 |  7- 9 || total
-------------------------+-------+-------+-------++-------
Melee: War axe           |   128 |   166 |    59 ||   353
Evoke: Wand              |       |     2 |     2 ||     4
  Use: Scroll            |       |     1 |       ||     1
  Eat: Chunk             |     1 |     4 |       ||     5
       Meat ration       |       |     1 |       ||     1
Armor: Scale mail        |    53 |    69 |    14 ||   136
Dodge: Dodged            |    46 |    31 |    13 ||    90
Block: Shield            |    58 |    98 |    37 ||   193
